 Dungeon Crawl Stone Soup version 0.28.0 (webtiles) character file.

Game seed: 11085716381008075846

15 SnakkuSnakku7 the Slasher (level 2, 0/22 HPs)
             Began as a Vampire Warper on Feb 16, 2022.
             Slain by a goblin (1 damage)
             ... on level 1 of the Dungeon.
             The game lasted 00:00:55 (275 turns).

SnakkuSnakku7 the Slasher (Vampire Warper)           Turns: 275, Time: 00:00:56

Health: 0/22       AC:  3    Str: 10    XL:     2   Next: 34%
Magic:  5/5        EV: 11    Int: 15    God:
Gold:   40         SH:  0    Dex: 13    Spells: 5/5 levels left

rFire   . . .      SeeInvis +   a - +0 great sword
rCold   . . .      Faith    .   (shield currently unavailable)
rNeg    . . .      Spirit   .   b - +0 leather armour
rPois   .          Reflect  .   (no helmet)
rElec   .          Harm     .   (no cloak)
rCorr   .          Rampage  .   (no gloves)
Will    .....                   (no boots)
Stlth   +.........              (no amulet)
HPRegen 0.27/turn               (no ring)
MPRegen 0.09/turn               (no ring)

@: healing quickly
A: alive, fangs 3, see invisible, vampiric 1
a: Exsanguinate


You were on level 1 of the Dungeon.
You visited 1 branch of the dungeon, and saw 1 of its levels.

You collected 40 gold pieces.

Inventory:

Hand Weapons
 a - a +0 great sword (weapon)
 h - a +0 falchion
Missiles
 d - 5 boomerangs of dispersal (quivered)
 f - 2 poisoned darts
Armour
 b - a +0 leather armour (worn)
 g - a +0 buckler
Scrolls
 c - a scroll of blinking
 e - a scroll of torment {unknown}
Potions
 i - 2 potions of attraction {unknown}
 j - a potion of brilliance {unknown}


   Skills:
 - Level 1.7 Fighting
 + Level 3.0 Long Blades
 - Level 0.7 Throwing
 - Level 0.7 Armour
 - Level 2.1 Dodging
 - Level 2.0 Spellcasting
 - Level 2.4 Translocations


You had 5 spell levels left.
You didn't know any spells.
Your spell library contained the following spells:

 Spells                   Type           Power      Damage    Failure   Level
 Blink                    Tloc           16%        N/A       17%         2
 Gell's Gravitas          Tloc           8%         N/A       34%         3
 Lesser Beckoning         Tloc           8%         N/A       34%         3
 Teleport Other           Tloc           8%         N/A       34%         3
 Manifold Assault         Tloc           8%         N/A       97%         5


Dungeon Overview and Level Annotations

Branches:
Dungeon (1/15)

Altars:


Innate Abilities, Weirdness & Mutations

Your natural rate of healing is accelerated.
You have razor-sharp teeth.
You have supernaturally acute eyesight. (SInv)
You are afflicted with vampirism.


Message History

You are too injured to fight recklessly!
You are too injured to fight recklessly!
You barely miss the ball python.
The ball python is severely wounded.
The ball python bites you. The ball python constricts you.
* * * LOW HITPOINT WARNING * * *
The ball python bites you.
* * * LOW HITPOINT WARNING * * *
The ball python constricts you.
The ball python's grasp on you weakens, but your attempt to escape fails.
The ball python bites you.
* * * LOW HITPOINT WARNING * * *
The ball python constricts you.
Unknown command.
You escape the ball python's grasp.
Unknown command.
You hit the ball python.
You kill the ball python!
You barely miss the giant cockroach.
The giant cockroach closely misses you. x2
You hit the giant cockroach but do no damage.
The giant cockroach closely misses you. x2
The giant cockroach barely misses you.
You closely miss the giant cockroach.
The giant cockroach barely misses you. x2
You closely miss the giant cockroach. You bite the giant cockroach.
The giant cockroach is severely wounded.
The giant cockroach bites you but does no damage.
You closely miss the giant cockroach. Your bite misses the giant cockroach.
The giant cockroach is heavily wounded.
The giant cockroach barely misses you.
The giant cockroach bites you but does no damage.
You hit the giant cockroach.
You kill the giant cockroach!
The goblin hits you with a +0 club.
* * * LOW HITPOINT WARNING * * *
You hit the goblin.
The goblin is severely wounded.
The goblin hits you with a +0 club.
* * * LOW HITPOINT WARNING * * *
The goblin hits you with a +0 club.
You die...

...÷. ##......##
.....# ##....÷##
##... #.......
#...## ######.. .
..## ### ... ...#
#..# ....### ####..#
.... .......##..#..#
##...
#..@g.....######....
#.######†###........
# ######..#....>....
.......#.#.........
......S#...####....
...........# #...†
...........# #....
.........#..# ##.##
.......####.# #.#


You could see a goblin.

Vanquished Creatures
  An endoplasm (D:1)
  2 giant cockroaches (D:1)
  3 goblins (D:1)
  A hobgoblin (D:1)
  A quokka (D:1)
  A ball python (D:1)
  2 bats (D:1)
  A frilled lizard (D:1)
  A kobold (D:1)
  A rat (D:1)
14 creatures vanquished.

Notes
Turn   | Place    | Note
-------+----------+-------------------------------------------
     0 | D:1      | SnakkuSnakku7 the Vampire Warper began the quest for the
                  | Orb.
     0 | D:1      | Reached XP level 1. HP: 16/16 MP: 3/3
   171 | D:1      | Reached XP level 2. HP: 19/22 MP: 5/5
   259 | D:1      | Reached skill level 3 in Long Blades
   275 | D:1      | HP: 1/22 [goblin (4)]
   275 | D:1      | Slain by a goblin

Illustrated notes

Levels and vault maps discovered:
D:1:      amcnicky_arrival_wind_blow, layout_rooms

Skill      XL: |  1  2 |
---------------+-------+-----
Long Blades    | 3 |  3.0
Fighting       | |  1.7
Throwing       | |  0.7
Armour         | |  0.7
Dodging        | |  2.1
Spellcasting   | |  2.0
Translocations | |  2.4

Action                   || total
-------------------------++-------
Melee: Great sword       ||    35
       Falchion          ||     9
       Bite              ||     4
Armor: Leather armour    ||    26
Dodge: Dodged            ||    52
Block: Buckler           ||     1
